 Dungeon Crawl Stone Soup version 0.32-a0-7-ge934b4519a (webtiles) character file.

Game seed: 9274752585577762730

2732 anacleto the Mimic (level 9, -2/61 HPs)
             Began as a Merfolk Shapeshifter on Jan 13, 2024.
             Was a Follower of the Shining One.
             Slain by a killer bee (7 damage)
             ... on level 8 of the Dungeon.
             The game lasted 00:15:01 (5228 turns).

anacleto the Mimic (Merfolk Shapeshifter)           Turns: 5228, Time: 00:15:01

Health: -2/61      AC:  4    Str: 18    XL:     9   Next: 67%
Magic:  9/9        EV: 17    Int: 10    God:    the Shining One [*.....]
Gold:   370        SH:  5    Dex: 13    Spells: 4/8 levels left

rFire   . . .        A - melded +3 dagger (elec)
rCold   + + .        (shield currently unavailable)
rNeg    . . .        v - melded +0 chain mail
rPois   .            (no helmet)
rElec   +            (no cloak)
rCorr   .            (no gloves)
SInv    .            (no boots)
Will    .....        k - amulet of reflection
Stlth   +            s - +4 ring of protection
HPRegen 0.30/turn    (no ring)
MPRegen 0.11/turn

%: reflection
@: lethally poisoned (-2 -> -6), flux-form, glowing
A: glow, contaminating, (nimble swimmer 2), mertail
a: Begin Untransformation, Renounce Religion, Divine Shield


You were on level 8 of the Dungeon.
You worshipped the Shining One.
The Shining One was aware of your devotion.
You were something dangerously unstable.
You visited 2 branches of the dungeon, and saw 9 of its levels.

You collected 370 gold pieces.

Inventory:

Hand Weapons
 A - a +3 dagger of electrocution (melded)
Missiles
 j - 7 poisoned darts (quivered)
 n - 4 javelins
 y - 9 boomerangs
Armour
 v - a +0 chain mail (melded)
Jewellery
 k - an amulet of reflection (around neck)
 s - a +4 ring of protection (left hand)
 I - a ring of resist corrosion
Talismans
 c - a beast talisman
 F - the flux talisman of Trial and Error (active) {rElec rC++}
   (You found it on level 6 of the Dungeon)

   [flux talisman]

   rC++:      It greatly protects you from cold.
   rElec:     It insulates you from electricity.
Wands
 d - a wand of flame (21)
 H - a wand of polymorph (7)
Scrolls
 a - a scroll of torment {unknown}
 g - 2 scrolls of silence {unknown}
 l - 5 scrolls of fear {unknown}
 o - 4 scrolls of immolation {unknown}
 q - 2 scrolls of enchant weapon
 r - 6 scrolls of identify {unknown}
 w - 2 scrolls of amnesia {unknown}
 x - 8 scrolls of teleportation {unknown}
 z - 2 scrolls of revelation {unknown}
 B - a scroll of enchant armour {unknown}
 G - a scroll of acquirement {unknown}
Potions
 b - a potion of lignification
 e - a potion of invisibility {unknown}
 f - 3 potions of might {unknown}
 h - a potion of attraction {unknown}
 i - 3 potions of brilliance {unknown}
 m - 4 potions of magic {unknown}
 p - a potion of haste {unknown}
 t - 2 potions of mutation {unknown}
 u - 3 potions of curing {unknown}
 C - a potion of enlightenment {unknown}
 D - a potion of cancellation {unknown}
 E - 2 potions of degeneration {unknown}


   Skills:
 - Level 1.7 Fighting
 + Level 8.2 Short Blades
 - Level 1.7 Throwing
 - Level 3.2 Dodging
 - Level 3.6 Unarmed Combat
 * Level 12.9 Shapeshifting


You had 4 spell levels left.
You knew the following spells:

 Your Spells              Type           Power      Damage    Failure   Level
a - Airstrike             Air            0%         2d(0-16)  98%         4

Your spell library contained the following spells:

 Spells                   Type           Power      Damage    Failure   Level
 Static Discharge         Conj/Air       0%         3-3/arc   50%         2
 Call Canine Familiar     Summ           0%         N/A       75%         3
 Sigil of Binding         Hex            0%         N/A       75%         3
 Anguish                  Hex/Necr       0%         N/A       98%         4
 Dimensional Bullseye     Hex/Tloc       0%         N/A       98%         4


Dungeon Overview and Level Annotations

Branches:
Dungeon (9/15)             Temple (1/1) D:4
   Lair: D:8-11         Orc: D:9-12

Altars:
Ashenzari
Dithmenos
Elyvilon
Fedhas
Gozag
Hepliaklqana
Kikubaaqudgha
Makhleb
Nemelex Xobeh
Okawaru
Qazlal
Ru
Trog
Uskayaw
Vehumet
Wu Jian
Xom
Yredelemnul
The Shining One

Shops:
D:8 :


Innate Abilities, Weirdness & Mutations

You are something dangerously unstable.
You glow with magical radiation, making you easy to see and hit.
Foes you strike become dangerously contaminated with magical radiation.
You are incapable of wielding weapons or throwing items.
((You are very nimble when in or above water. (Stealth+, EV+, Speed+++)))
Your lower body shifts to a powerful aquatic tail in water.


Message History

The killer bee glows dangerously bright.
The killer bee is moderately wounded.
You feel very sick. The killer bee misses you. The killer bee stings you.
You are more poisoned.
The killer bee poisons you! The killer bee barely misses you.
You hit the killer bee.
The killer bee shudders as magic cascades through it!!!
You kill the killer bee!
You feel very sick.
The killer bee stings you but does no damage. x2
You feel very sick. The killer bee barely misses you.
The killer bee closely misses you.
Things that are here:
a killer bee corpse; a killer bee corpse You hit the killer bee.
The killer bee begins to glow.
The killer bee is lightly wounded.
You feel very sick. You block the killer bee's attack.
The killer bee closely misses you.
A killer bee comes into view.
The killer bee closely misses you. The killer bee barely misses you.
The killer bee buzzes angrily.
You hit the killer bee but do no damage.
The killer bee glows dangerously bright.
The killer bee is lightly wounded.
You feel sick. The killer bee barely misses you. The killer bee misses you.
You block the killer bee's attack. The killer bee completely misses you.
You closely miss the killer bee.
The killer bee is lightly wounded.
You feel sick. The killer bee closely misses you. The killer bee misses you.
The killer bee barely misses you. You block the killer bee's attack.
The killer bee stings you.
* * * LOW HITPOINT WARNING * * *
The killer bee stings you but does no damage.
As you read the scroll labelled JIYD GEOLU, it crumbles to dust.
It is a scroll of enchant weapon.
Your +2 dagger of electrocution glows red for a moment.
* * * LOW HITPOINT WARNING * * *
You feel sick. The killer bee stings you!
You die...

#............# ...
#..........# (...
#..........#####....
######..............
#..............
###.........∩....
#................
#......yy#.......
#......yp#.!.....
#........#.......
#........#y......
#........#.....[.
#........#.....y.
##########.yy....


You could see 3 killer bees.

Vanquished Creatures
  Pikel (D:6)
  Maggie (D:6)
  Grinder (D:4)
  An acid dragon (D:9)
  Duvessa (D:6)
  A black bear (D:4)
  3 ogres
  A phantom (D:5)
  A bullfrog (D:9)
  Blork the orc (D:4)
  2 scorpions
  3 wights (D:9)
  Dowan (D:6)
  5 killer bees
  A hound (D:5)
  An orc priest (D:6)
  2 sleepcaps
  4 iguanas
  2 orc wizards (D:6)
  6 gnolls
  7 adders
  A shadow imp (D:6)
  2 white imps
  4 ufetubi (D:6)
  2 dart slugs
  2 ribbon worms
  14 orcs
  10 bats
  4 endoplasms
  4 giant cockroaches
  6 hobgoblins
  3 ball pythons
  2 frilled lizards
  13 goblins
  10 kobolds
  7 rats
130 creatures vanquished.

Notes
Turn   | Place    | Note
-------+----------+-------------------------------------------
     0 | D:1      | anacleto the Merfolk Shapeshifter began the quest for the
                  | Orb.
     0 | D:1      | Reached XP level 1. HP: 15/15 MP: 1/1
   205 | D:1      | Reached XP level 2. HP: 18/21 MP: 2/2
   630 | D:1      | Reached XP level 3. HP: 27/27 MP: 3/3
  1428 | D:2      | Reached skill level 5 in Shapeshifting
  1460 | D:2      | Reached XP level 4. HP: 33/33 MP: 4/4
  1621 | D:3      | Reached skill level 1 in Throwing
  1906 | D:3      | Reached XP level 5. HP: 27/38 MP: 5/5
  2046 | D:3      | Reached skill level 6 in Shapeshifting
  2280 | D:3      | Found a white marble altar of Elyvilon.
  2292 | D:3      | Found a hide-covered altar of Uskayaw.
  2456 | D:4      | Found a staircase to the Ecumenical Temple.
  2521 | D:4      | Noticed an ogre
  2531 | D:4      | Killed an ogre
  2532 | D:4      | Reached skill level 1 in Short Blades
  2532 | D:4      | Reached XP level 6. HP: 23/44 MP: 6/6
  2629 | D:4      | Found a radiant altar of Vehumet.
  2636 | D:4      | Noticed a black bear
  2659 | D:4      | Killed a black bear
  2660 | D:4      | Reached skill level 7 in Shapeshifting
  2763 | D:4      | Noticed Blork the orc
  2780 | D:4      | Killed Blork the orc
  2781 | D:4      | Reached XP level 7. HP: 34/49 MP: 7/7
  2885 | D:4      | Noticed Grinder
  2897 | D:4      | Paralysed by Grinder for 4 turns
  2909 | D:4      | Killed Grinder
  2910 | D:4      | Reached skill level 8 in Shapeshifting
  3130 | Temple   | Entered the Ecumenical Temple
  3146 | Temple   | Became a worshipper of the Shining One
  3171 | D:5      | Entered Level 5 of the Dungeon
  3306 | D:5      | Found an ancient bone altar of Kikubaaqudgha.
  3434 | D:5      | Reached skill level 9 in Shapeshifting
  3573 | D:5      | Reached XP level 8. HP: 9/55 MP: 8/8
  3577 | D:5      | Reached skill level 5 in Short Blades
  4002 | D:6      | Identified the flux talisman of Trial and Error {rElec
                  | rC++}
  4006 | D:6      | Noticed Pikel
  4154 | D:6      | Reached skill level 10 in Shapeshifting
  4315 | D:6      | Killed Pikel
  4316 | D:6      | Reached skill level 11 in Shapeshifting
  4316 | D:6      | Reached XP level 9. HP: 45/61 MP: 9/9
  4336 | D:6      | Noticed Maggie
  4344 | D:6      | Noticed Duvessa
  4344 | D:6      | Reached * piety under the Shining One
  4344 | D:6      | Noticed Dowan
  4352 | D:6      | Killed Maggie
  4359 | D:6      | Killed Duvessa
  4360 | D:6      | Reached skill level 12 in Shapeshifting
  4376 | D:6      | Killed Dowan
  4812 | D:6      | Found an opulent altar of Gozag.
  4845 | D:6      | You fall into a shaft and drop 3 floors!
  5145 | D:9      | Noticed a hornet
  5182 | D:8      | Got Weahosm's Volume of Spellbinding and the Storm
  5188 | D:8      | Learned a level 4 spell: Airstrike
  5199 | D:8      | Found Podyduro's Book Shop.
  5228 | D:8      | Slain by a killer bee

Illustrated notes

Levels and vault maps discovered:
D:1:      dpeg_arrival_concentric_ovals, layout_basic, palyth_stone_intersect
D:2:      layout_loops_ring, minmay_misc_feat_four_crosses,
          chequers_serial_rivers_room_a
D:3:      layout_rooms, mainiacjoe_overflow_big_doors, guppyfry_early_orc_mine
D:4:      layout_rooms, nicolae_vehumet_radiance, temple_pool_b, uniq_grinder,
          uniq_blork_the_orc
D:5:      layout_basic, mainiacjoe_overflow_24_doors
D:6:      layout_cave_pools, mainiacjoe_overflow_chevrons, uniq_duvessa,
          uniq_pikel, uniq_maggie
D:8:      layout_basic, serial_shops, shop
D:9:      layout_gridville, amcnicky_altar_gilded, hellmonk_lair_entry_icy,
          uniq_erolcha
Temple:   eino_narrow_crystal_temple

Skill      XL: |  1  2  3  4  5  6  7  8  9 |
---------------+----------------------------+-----
Dodging        | 3 |  3.2
Shapeshifting  | 5 6 7 9 11 12 | 12.9
Throwing       | 1 |  1.7
Short Blades   | 1 3 4 6 8 |  8.2
Fighting       | |  1.7
Unarmed Combat | |  3.6

Action                     |  1- 3 |  4- 6 |  7- 9 || total
---------------------------+-------+-------+-------++-------
  Melee: Unarmed           |   112 |   104 |   194 ||   410
         Punch             |     3 |     1 |       ||     4
         Dagger            |       |    42 |    60 ||   102
  Throw: Dart              |       |     4 |     2 ||     6
Ability: Begin Untransform |     1 |       |     2 ||     3
  Evoke: Wand              |       |       |     4 ||     4
    Use: Scroll            |       |       |     1 ||     1
   Stab: Sleeping          |     1 |       |       ||     1
 Armour: Animal skin       |    62 |       |       ||    62
         Chain mail        |    11 |   100 |    29 ||   140
         Skin              |       |       |    90 ||    90
  Dodge: Dodged            |    75 |    49 |   217 ||   341
  Block: Other             |    26 |    34 |    48 ||   108
         Reflection        |     2 |       |     1 ||     3
   Form: Beast             |     1 |       |       ||     1
         Flux              |       |       |     2 ||     2

Table legend: (Time is in decaauts)
 A = Elapsed time spent in this place.
 B = Non-inter-level travel time spent in this place.
 C = Inter-level travel time spent in this place.
 D = Time resting spent in this place.
 E = Time spent auto-exploring this place.
 F = Levels seen in this place.
 G = Mean time per level.
                   A        B        C        D        E       F      G
               +--------+--------+--------+--------+--------+-----+--------+
         Total |   5169 |   4969 |    200 |    501 |   2971 |   9 |  574.3 |
       Dungeon |   5138 |   4953 |    185 |    501 |   2971 |   8 |  642.2 |
        Temple |     31 |     16 |     15 |      0 |      0 |   1 |   31.0 |
               +--------+--------+--------+--------+--------+-----+--------+

Top non-repeatable levels by time:
     D:1: 895 daAuts
     D:6: 887 daAuts
     D:3: 802 daAuts
     D:5: 767 daAuts
     D:4: 716 daAuts
     D:2: 690 daAuts
     D:9: 303 daAuts
     D:8: 74 daAuts
  Temple: 31 daAuts
